 Dungeon Crawl Stone Soup version 0.30.1-11-g7821555f0a (webtiles) character file.

Game seed: 10531963776150097624

154 KittyFluff the Cudgeller (level 5, -1/49 HPs)
             Began as a Gargoyle Berserker on Oct 29, 2023.
             Was a Believer of Trog.
             Slain by Sigmund
             ... wielding a +2 scythe of distortion
              (12 damage)
             ... on level 3 of the Dungeon.
             The game lasted 00:08:46 (2652 turns).

KittyFluff the Cudgeller (Gargoyle Berserker)       Turns: 2652, Time: 00:08:46

Health: -1/49      AC:  6    Str: 22    XL:     5   Next: 36%
Magic:  5/5        EV: 12    Int:  8    God:    Trog [**....]
Gold:   184        SH:  0    Dex:  9    Spells: 4/4 levels left

rFire   . . .        a - +0 mace
rCold   . . .        (no shield)
rNeg    + . .        b - +0 animal skin
rPois   ∞            (no helmet)
rElec   +            (no cloak)
rCorr   .            (no gloves)
SInv    .            (no boots)
Will    .....        (no amulet) Stlth
                     (no ring)
HPRegen 0.28/turn    (no ring)
MPRegen 0.09/turn

%: no passive effects
@: berserking, very quick
A: sickness immunity, AC +4, negative energy resistance 1, electricity
resistance, torment resistance 1, petrification resistance
a: Renounce Religion, Berserk, Trog's Hand


You were on level 3 of the Dungeon.
You worshipped Trog.
Trog was pleased with you.
You visited 1 branch of the dungeon, and saw 3 of its levels.

You collected 184 gold pieces.

Inventory:

Hand Weapons
 a - a +0 mace (weapon)
 e - a +0 sling
Missiles
 h - 6 datura-tipped darts (quivered)
Armour
 b - a +0 animal skin (worn)
Scrolls
 d - a scroll of enchant weapon {unknown}
 f - 2 scrolls of identify {unknown}
 i - a scroll of fog {unknown}
 j - a scroll of noise {unknown}
 p - a scroll of torment {unknown}
Potions
 c - 4 potions of flight {unknown}
 g - a potion of heal wounds {unknown}
 k - 3 potions of curing {unknown}
 l - a potion of invisibility {unknown}
 n - a potion of ambrosia {unknown}
 o - a potion of resistance {unknown}


   Skills:
 + Level 4.0 Fighting
 * Level 4.1 Maces & Flails
 * Level 3.8 Armour
 + Level 2.2 Dodging


You had 4 spell levels left.
You didn't know any spells.
Your spell library was empty.

Dungeon Overview and Level Annotations

Branches:
Dungeon (3/15)

Altars:
Dithmenos

Shops:
D:2 =

Annotations:
D:3 Sigmund


Innate Abilities, Weirdness & Mutations

You are immune to sickness and miasma.
Your stone body is resilient. (AC +4)
You are immune to poison.
You resist negative energy. (rN+)
You are resistant to electric shocks. (rElec)
You are resistant to unholy torment.
You are immune to petrification.


Message History

The goblin closely misses you.
You hit the goblin but do no damage.
The goblin is heavily wounded.
The goblin closely misses you.
You hit the goblin.
You kill the goblin!
Trog accepts your kill.
You see here a +0 sling.
Things that are here:
a +0 club; a goblin corpse
There is an open door, spattered with blood here.
Items here: )))) ††††.
You see here a +0 club.
You start waiting.
Done waiting.
There is an open door, spattered with blood here.
Items here: )))) ††††.
Things that are here:
a +0 club; a goblin corpse Sigmund the Dreaded comes into view.
He is wielding a +2 scythe of distortion.
Sigmund shouts!
You hear a shout!
A kobold comes into view. It is wielding a +0 short sword.
The kobold shouts!
There is an open door here.
Sigmund barely misses you.
A hobgoblin comes into view. It is wielding a +0 sling.
There is an open door here.
The hobgoblin shouts!
Sigmund hits you with a +2 scythe of distortion!
Space warps around you.
You barely miss Sigmund.
Sigmund gestures wildly while chanting.
Sigmund flickers and vanishes!
Deactivating autopickup; reactivate with Ctrl-A.
The hobgoblin shoots a sling bullet.
The sling bullet hits you!
A red film seems to cover your vision as you go berserk!
You feel yourself moving faster!
You feel mighty! Something hits you!
* * * LOW HITPOINT WARNING * * *
Space warps horribly around you!
You die...

###### ####### ## ......#
##.....# #. .......###......+ #.
........#.......#########.
........#..........)...#..
.......K{@.........)...)).
........#..............#..
........#.......#########.
...g...###......+ #. ≈≈# ......#
##.....# #. ≈≈#
###########################
≈≈#####≈≈≈≈≈≈≈≈≈≈≈≈≈≈≈≈≈≈≈≈≈≈≈~~.
≈≈≈≈≈≈≈≈≈≈≈≈≈≈≈≈≈≈~≈≈≈~~≈≈≈≈≈≈~..
~~~~~~~~≈≈~~~≈~≈~~~~≈~~~~~~≈~~≈~.


You could see a hobgoblin and a kobold.

Vanquished Creatures
  3 adders
  4 gnolls
  2 worms (D:2)
  3 dart slugs
  An orc (D:3)
  7 ball pythons
  8 bats
  5 endoplasms (D:1)
  A giant cockroach (D:2)
  11 goblins
  7 hobgoblins
  6 jackals (D:2)
  4 kobolds
  2 quokkas (D:2)
  A frilled lizard (D:2)
  5 rats
70 creatures vanquished.

Notes
Turn   | Place    | Note
-------+----------+-------------------------------------------
     0 | D:1      | KittyFluff the Gargoyle Berserker began the quest for the
                  | Orb.
     0 | D:1      | Reached XP level 1. HP: 14/14 MP: 1/1
   216 | D:1      | Reached XP level 2. HP: 16/19 MP: 2/2
   751 | D:1      | Reached XP level 3. HP: 14/23 MP: 3/3
  1015 | D:2      | Found a shadowy altar of Dithmenos.
  1079 | D:2      | Found Ziergh's Jewellery Boutique.
  1146 | D:2      | Reached XP level 4. HP: 29/29 MP: 4/4
  1166 | D:2      | Reached ** piety under Trog
  1400 | D:2      | Found a faded altar of an unknown god.
  1748 | D:3      | Reached XP level 5. HP: 33/33 MP: 5/5
  2642 | D:3      | Noticed Sigmund
  2652 | D:3      | Slain by Sigmund

Illustrated notes

Levels and vault maps discovered:
D:1:      heliophobic_arrival_battle_scene, layout_basic,
          amcnicky_mini_corridor_feature, minmay_tetromino_t4
D:2:      layout_basic, basic_ecumenical_altar, basic_altar, serial_shops, shop
D:3:      minmay_goblin_kobold_castle, layout_loops_cross, uniq_sigmund

Skill      XL: |  1  2  3  4  5 |
---------------+----------------+-----
Armour         | 3 |  3.8
Dodging        | 2 |  2.2
Maces & Flails | 4 |  4.1
Fighting       | 4 |  4.0

Action                     |  1- 3 |  4- 6 || total
---------------------------+-------+-------++-------
  Melee: Mace              |   112 |   124 ||   236
         Punch             |       |     1 ||     1
 Invoke: Berserk           |       |     1 ||     1
 Armour: Animal skin       |    38 |    39 ||    77
  Dodge: Dodged            |    90 |    81 ||   171
